cohdb
Replays
Latest Replays
All Replays
Popular Replays
Top Player Replays
Match Explorer
How It Works
Community
CoH3 Stats
Reddit
Sign in to upload your games and track your stats! →
Sign in with Steam
Match 41882373
Unlisted
Match 41882373
Overview
Messages
Build Orders
End
Construct Infanterie Kompanie
Pioneer Squad
Selects Breakthrough Battlegroup
Selects Breakthrough Battlegroup
Grenadier Squad
Selects Assault Grenadiers
Grenadier Squad
Grenadier Squad
Grenadier Squad
Selects Breakthrough
Construct Luftwaffe Kompanie
Medical Station
221 Scout Car
Infanterie Officer Quarters
MG 42 Bunker
Flak 30 Anti-aircraft Gun Team
Support Elements
MG 42 Bunker
Selects Mechanized Assault Group
Mechanized Assault Group
Selects Rapid Production
Construct Panzer Kompanie
Pioneer Squad
Marder III M Tank Destroyer
Selects Blitzkrieg
Panzer IV Medium Tank
Pioneer Squad
Grenadier Squad
Panzer IV Medium Tank
Pioneer Squad
Pioneer Squad
Side Skirts
Selects Tiger Heavy Tank
Medical Bunker
Breakthrough
Tiger Heavy Tank
Grenadier Squad
Grenadier Squad
Breakthrough
Grenadier Squad
Wirbelwind Flakpanzer
Morcrabanen
Symbolo
Calavista
ex.4f
SneaKerz
gb_gbg
0
0
Comments
sign in to comment!
No comments posted yet!